 Dungeon Crawl Stone Soup version 0.19.1-1-g22dce08 (webtiles) character file.

2037 theAP the Chopper (level 9, -2/57 HPs)
             Began as a Gargoyle Fighter on Jan 5, 2017.
             Was a Believer of Uskayaw.
             Slain by an ogre
             ... wielding a cursed +0 giant spiked club
              (5 damage)
             ... on level 5 of the Dungeon.
             The game lasted 00:13:47 (3572 turns).

theAP the Chopper (Gargoyle Fighter)                Turns: 3572, Time: 00:13:47

Health: -2/57      AC: 14    Str: 28    XL:     9   Next: 24%
Magic:  5/9        EV:  9    Int:  8    God:    Uskayaw [**....]
Gold:   395        SH: 12    Dex:  9    Spells: 0 memorised, 8 levels left

rFire  . . .     SeeInvis .     a - +1 war axe
rCold  . . .     Gourm    .     l - +0 chain mail
rNeg   + . .     Faith    .     c - +1 shield
rPois  ∞         Spirit   .     (no helmet)
rElec  +         Reflect  .     (no cloak)
rCorr  .         Harm     .     (no gloves)
MR     .....                    (no boots)
Stlth  ..........               (no amulet)
                                v - +2 ring of evasion
                                n - +4 ring of strength

@: no status effects
A: negative energy resistance 1, electricity resistance, unbreathing,
petrification resistance, rot immunity, AC +5
a: Stomp, Line Pass, Renounce Religion


You were on level 5 of the Dungeon.
You worshipped Uskayaw.
Uskayaw was noncommittal.
You were near starving.

You visited 2 branches of the dungeon, and saw 6 of its levels.

You collected 395 gold pieces.

Inventory:

Hand Weapons
 a - a +1 war axe (weapon)
Armour
 b - a +0 scale mail
 c - a +1 shield (worn)
 l - a +0 chain mail (worn)
Jewellery
 g - an uncursed ring of teleportation
 m - an uncursed ring of protection from fire
 n - a +4 ring of strength (left hand)
 u - an uncursed ring of magical power
 v - a +2 ring of evasion (right hand)
 z - a cursed -2 ring of strength
Wands
 B - a wand of polymorph (7/24)
Scrolls
 e - 4 scrolls of identify
 k - 2 scrolls of magic mapping
 p - 3 scrolls of teleportation
 q - a scroll of fog
 y - 2 scrolls of remove curse
 A - a scroll of recharging
Potions
 d - a potion of might
 h - a potion of brilliance
 o - 2 potions of degeneration
 r - a potion of ambrosia
 s - a potion of curing
Books
 t - a book of Conjurations

   Spells                             Type                      Level
   a - Magic Dart                     Conjuration                  1
   b - Searing Ray                    Conjuration                  2
   c - Dazzling Spray                 Conjuration/Hexes            3
   d - Fulminant Prism                Conjuration/Hexes            4
   e - Iskenderun's Mystic Blast      Conjuration                  4
   f - Iskenderun's Battlesphere      Conjuration/Charms           5
 w - a book of Misfortune

   Spells                             Type                      Level
   a - Confusing Touch                Hexes                        1
   b - Confuse                        Hexes                        3
   c - Gell's Gravitas                Hexes/Translocation          3
   d - Petrify                        Transmutation/Earth          4
   e - Metabolic Englaciation         Hexes/Ice                    5
   f - Yara's Violent Unravelling     Hexes/Transmutation          5
Comestibles
 f - 2 bread rations
 i - 2 fruits
 j - a beef jerky
 x - a meat ration
 C - a royal jelly


   Skills:
 + Level 7.4 Fighting
 * Level 7.6 Axes
 - Level 3.2 Armour
 + Level 7.5 Shields


You had 8 spell levels left.
You didn't know any spells.

Dungeon Overview and Level Annotations

Branches:
Dungeon (5/15)             Temple (1/1) D:4

Altars:
Cheibriados
Dithmenos
Elyvilon
Fedhas
Gozag
Kikubaaqudgha
Makhleb
Nemelex Xobeh
Qazlal
Ru
Sif Muna
Trog
Uskayaw
Vehumet
Xom
Yredelemnul
Zin

Annotations:
D:5 exclusion: statue


Innate Abilities, Weirdness & Mutations

You are resistant to torment.
Your stone body is resilient. (AC +5)
You are immune to poison.
You resist negative energy. (rN+)
You are resistant to electric shocks. (rElec)
You can survive without breathing.
You are immune to petrification.
You are immune to rotting.


Message History

You hit the ogre.
You feel less confused.
The ogre hits you with a giant spiked club!
* * * LOW HITPOINT WARNING * * *
Uskayaw will force your foes to helplessly watch your dance.
Uskayaw prepares the audience for your solo!
Aiming: Line Pass
Press: ? - help, Dir - move target cursor The ogre appears confused.
You are near starving!
The ogre is no longer paralysed.
Found 19 arrows.
You are too injured to fight recklessly!
You are too injured to fight recklessly!
You are too injured to fight recklessly!
You hit the ogre.
The ogre is moderately wounded.
The ogre seems less confused.
The ogre hits you with a giant spiked club.
You die...

#########>............
..........#.############
..)...........# #
..........#.#.##########
..........#.............
..........###.##########
.(.......)# #.#
........O.# #.#
.......@..# #.#
..........# #.#
..........# #..
..........# ##
..........# ##.########
#. #


You could see an ogre.

Vanquished Creatures
  Pikel (D:5)
  Sigmund (D:5)
  The ghost of Venfury the Chopper, an amateur TrBe of Trog (D:4)
  Duvessa (D:5)
  The ghost of ZelenKor the Cudgeler, an amateur MiCK of Elyvilon (D:3)
  2 ogres
  A scorpion (D:4)
  Dowan (D:5)
  A centaur zombie (D:4)
  A bullfrog skeleton (D:4)
  A bullfrog zombie (D:4)
  A hound (D:5)
  A centaur skeleton (D:4)
  3 gnoll shamans (D:3)
  An orc wizard (D:4)
  A worker ant (D:5)
  2 hound zombies
  A hound skeleton (D:4)
  33 gnolls
  3 adders (D:2)
  An ooze (D:3)
  2 adder zombies
  An adder skeleton (D:4)
  A worm (D:4)
  5 dart slugs
  5 leopard geckos
  6 orcs
  9 bats
  3 giant cockroaches
  7 goblins
  8 hobgoblins
  32 jackals
  3 kobolds
  2 frilled lizards
  A jackal skeleton (D:4)
  A jackal zombie (D:4)
  2 rats
147 creatures vanquished.

Vanquished Creatures (others)
  A jelly (D:5)
1 creature vanquished.

Grand Total: 148 creatures vanquished

Notes
Turn   | Place    | Note
-------+----------+-------------------------------------------
     0 | D:1      | theAP the Gargoyle Fighter began the quest for the Orb.
     0 | D:1      | Reached XP level 1. HP: 14/14 MP: 1/1
   135 | D:1      | Reached XP level 2. HP: 16/19 MP: 2/2
   394 | D:1      | Reached XP level 3. HP: 10/24 MP: 3/3
   719 | D:2      | Reached XP level 4. HP: 29/29 MP: 4/4
  1290 | D:3      | Reached XP level 5. HP: 29/34 MP: 5/5
  1378 | D:3      | Noticed ZelenKor's ghost (amateur MiCK)
  1402 | D:3      | Killed ZelenKor's ghost
  1503 | D:3      | Reached XP level 6. HP: 36/40 MP: 6/6
  1843 | D:3      | Reached skill level 5 in Fighting
  1843 | D:3      | Reached skill level 5 in Shields
  1860 | D:3      | Reached XP level 7. HP: 7/44 MP: 7/7
  2177 | D:3      | Reached skill level 5 in Axes
  2637 | D:4      | Noticed Venfury's ghost (amateur TrBe)
  2650 | D:4      | Killed Venfury's ghost
  2650 | D:4      | Reached XP level 8. HP: 27/52 MP: 8/8
  2916 | D:4      | Found a staircase to the Ecumenical Temple.
  2923 | Temple   | Entered the Ecumenical Temple
  2951 | Temple   | Became a worshipper of Uskayaw the Reveler
  3100 | D:4      | Reached * piety under Uskayaw
  3195 | D:5      | Entered Level 5 of the Dungeon
  3358 | D:5      | Noticed Pikel
  3365 | D:5      | Reached ** piety under Uskayaw
  3380 | D:5      | Killed Pikel
  3424 | D:5      | Found a radiant altar of Vehumet.
  3459 | D:5      | Noticed Dowan
  3461 | D:5      | Noticed Duvessa
  3465 | D:5      | Reached XP level 9. HP: 52/57 MP: 9/9
  3478 | D:5      | Reached *** piety under Uskayaw
  3484 | D:5      | Reached **** piety under Uskayaw
  3488 | D:5      | Killed Dowan
  3490 | D:5      | Killed Duvessa
  3552 | D:5      | Noticed Sigmund
  3564 | D:5      | Killed Sigmund
  3572 | D:5      | Slain by an ogre

Skill      XL: |  1  2  3  4  5  6  7  8 |
---------------+-------------------------+-----
Axes           | 2 3 4 5 7 |  7.6
Fighting       | 4 5 6 7 |  7.4
Shields        | 4 5 6 7 |  7.5
Armour         | |  3.2

Action                   |  1- 3 |  4- 6 |  7- 9 || total
-------------------------+-------+-------+-------++-------
Melee: War axe           |   138 |   165 |   237 ||   540
Invok: Line Pass         |       |       |     2 ||     2
  Use: Scroll            |     4 |    10 |       ||    14
       Potion            |       |     2 |       ||     2
 Stab: Paralysed         |       |       |     3 ||     3
  Eat: Chunk             |       |     3 |     5 ||     8
       Fruit             |       |       |     1 ||     1
Armor: Scale mail        |   112 |    25 |       ||   137
       Chain mail        |       |    71 |   152 ||   223
Dodge: Dodged            |    55 |    46 |    81 ||   182
Block: Shield            |    96 |   108 |   179 ||   383
